AoeStats
← mservett

Nomad

507177552Analyzed
4v4 RM · 16d ago on Sep 17, 2026· 31m 45s· 8 players
Game mode
Random Map
Map size
231×231
Population
200
Speed
Normal
Resources
Standard
Victory
Conquest
Starting age
Dark Age
Ending age
Imperial Age
RankedLock teamsTeams togetherTeam positionsShared explorationLock speedFull tech treeHidden civsTurbo modeCheats
Victory
Defeat
🇺🇸 Berbers · United States
1090
+14
🇺🇸 Celts · United States
1084
+15
🇭🇰 Italians · Hong Kong SAR China
1079
+15
🇹🇼 Huns · Taiwan
1063
+15
🇲🇽 Jurchens · Mexico
1077
-15
🇵🇪 Vikings · Peru
1077
-16
🇬🇧 Chinese · United Kingdom
1059
-15
🇲🇽 Hindustanis · Mexico
1001
-13
VicRoldanG
3:24 Loom
27:41 Feudal Age
Deja de llorar
5:52 Loom
15:37 Feudal Age
16:33 Town Watch
22:18 Castle Age
20:15 Horse Collar
20:52 Double-Bit Axe
24:30 Fletching
24:41 Padded Archer Armor
25:53 Bodkin Arrow
27:24 Bow Saw
29:14 Pikeman
29:39 Gambesons
29:55 Squires
29:40 Arson
30:14 Forging
30:04 Scale Mail Armor
31:05 Forging
30:55 Scale Mail Armor
mservett
5:00 Loom
15:59 Feudal Age
17:21 Double-Bit Axe
17:21 Fishing Lines
20:57 Castle Age
19:02 Padded Archer Armor
19:18 Stone Mining
19:19 Gold Mining
19:54 Fletching
23:11 Gold Shaft Mining
23:12 Stone Shaft Mining
22:35 Bodkin Arrow
22:48 Gillnets
23:30 Bow Saw
23:08 Town Watch
25:28 Leather Archer Armor
26:44 Town Patrol
27:35 Murder Holes
28:55 Ballistics
34:13 Imperial Age
NWGHOST7888
3:31 Loom
15:46 Feudal Age
17:32 Stone Mining
17:35 Double-Bit Axe
20:40 Castle Age
21:39 Gold Mining
27:15 Bow Saw
27:48 Gold Shaft Mining
28:29 Bloodlines
28:33 Scale Barding Armor
29:08 Husbandry
29:35 Chain Barding Armor
30:04 Forging
31:36 Wheelbarrow
32:19 Iron Casting
MAMBA MULLET
5:21 Loom
16:48 Feudal Age
17:45 Double-Bit Axe
23:14 Wheelbarrow
25:58 Castle Age
27:09 Fletching
32:04 Bodkin Arrow
redheadedkiller
3:17 Loom
14:30 Feudal Age
15:31 Fishing Lines
21:27 Castle Age
23:28 Wheelbarrow
25:43 Fletching
25:53 Padded Archer Armor
26:15 Medium Warships
26:49 Demolition Ship
28:02 Hand Cart
30:59 Bodkin Arrow
放羊老汉
4:31 Loom
15:03 Feudal Age
15:30 Double-Bit Axe
15:30 Fishing Lines
20:15 Castle Age
19:14 Stone Mining
19:19 Gold Mining
19:49 Fletching
19:59 Padded Archer Armor
21:41 Stone Shaft Mining
21:21 Bow Saw
23:43 Town Watch
26:31 Gillnets
29:34 Imperial Age
28:20 Bodkin Arrow
28:41 Leather Archer Armor
29:47 Leather Archer Armor
30:11 Ballistics
30:43 Conscription
30:38 Elite Genoese Crossbowman
31:39 Conscription
32:40 Chemistry
遠方的燈
5:04 Loom
18:18 Feudal Age
19:34 Double-Bit Axe
22:27 Castle Age
20:46 Bloodlines
20:56 Scale Barding Armor
21:02 Forging
21:41 Horse Collar
24:29 Iron Casting
24:18 Chain Barding Armor
24:35 Iron Casting
24:59 Husbandry
28:46 Bow Saw
28:52 Heavy Plow
Connection lost

Rejoining the realm…

Still unreachable

The connection could not be restored.

Session expired

The server has moved on; the page needs a fresh start.